 Dungeon Crawl Stone Soup version 0.31-a0-640-g39d97e502b (console) character file.

Game seed: 8381788260524311296

42127 jejorda2 the Cleaver (level 14, -1/113 HPs)
             Began as a Gnoll Berserker on Aug 27, 2023.
             Was an Elder of Trog.
             Succumbed to a sea snake's poison
             ... on level 5 of the Lair of Beasts on Aug 28, 2023.
             The game lasted 00:45:28 (18151 turns).

jejorda2 the Cleaver (Gnoll Berserker)             Turns: 18151, Time: 00:45:29

Health: -1/113     AC: 42    Str: 20    XL:     14   Next: 18%
Magic:  27/27      EV:  8    Int:  7    God:    Trog [****..]
Gold:   1161       SH:  0    Dex:  8    Spells: 31/31 levels left

rFire   . . .        a - +3 broad axe
rCold   . . .        (no shield)
rNeg    + + +        P - +15 Maxwell's patent armour {-Cast -Tele rElec Will+ rCorr}
rPois   .            N - +2 hat {Will+}
rElec   +            D - +2 cloak
rCorr   +            (no gloves)
SInv    .            C - +2 pair of boots {rampage}
Will    ++++.        M - amulet of the acrobat Stlth
                     r - ring of willpower
HPRegen 0.38/turn    w - ring "Puzawiak" {Fly rN+++ AC+4 Dex-5}
MPRegen 0.20/turn

%: no teleportation, no spellcasting, acrobat, rampage
@: lethally poisoned (-1 -> -3), on berserk cooldown, flying, slowed, very slow
A: fangs 1, strong nose, distributed training
a: Renounce Religion, Berserk, Trog's Hand, Brothers in Arms


You were on level 5 of the Lair of Beasts.
You worshipped Trog.
Trog was greatly pleased with you.
You visited 2 branches of the dungeon, and saw 15 of its levels.
You also visited: Sewer and Ossuary.

You collected 1161 gold pieces.

Inventory:

Hand Weapons
 a - a +3 broad axe (weapon)
 b - a +3 war axe of flaming
 E - a +1 antimagic war axe
Missiles
 d - 6 curare-tipped darts
 u - 37 poisoned darts
 v - 5 atropa-tipped darts
 G - 5 boomerangs
 J - 4 javelins
Armour
 j - a +0 chain mail of fire resistance
 C - a +2 pair of boots of rampaging (worn)
 D - a +2 cloak (worn)
 N - a +2 hat of willpower (worn)
 P - the +15 Maxwell's patent armour (worn) {-Cast -Tele rElec Will+ rCorr}
   (You found it on level 4 of the Lair of Beasts)

   rElec:     It insulates you from electricity.
   Will+:     It increases your willpower.
   -Cast:     It prevents spellcasting.
   -Tele:     It prevents most forms of teleportation.
   rCorr:     It protects you from acid and corrosion.
Jewellery
 r - a ring of willpower (left hand)
 w - the ring "Puzawiak" (right hand) {Fly rN+++ AC+4 Dex-5}
   (You found it on level 5 of the Dungeon)

   [ring of protection]

   AC+4:      It affects your AC (+4).
   Dex-5:     It affects your dexterity (-5).
   rN+++:     It renders you almost immune to negative energy.
   Fly:       It grants you flight.
 H - a ring of protection from cold
 M - an amulet of the acrobat (around neck)
Wands
 e - a wand of digging (5)
 x - a wand of charming (20)
 z - a wand of mindburst (7)
 A - a wand of iceblast (26)
 I - a wand of flame (32)
Scrolls
 i - a scroll of fear
 n - a scroll of summoning
 p - a scroll of enchant weapon
 q - 2 scrolls of fog
 s - 3 scrolls of immolation
 y - 6 scrolls of teleportation
 B - a scroll of silence
 F - a scroll of revelation
 L - a scroll of identify
 O - a scroll of poison
Potions
 c - 11 potions of curing
 f - 5 potions of attraction
 g - 2 potions of invisibility
 h - 3 potions of heal wounds
 k - 3 potions of brilliance
 l - 3 potions of might
 m - 2 potions of ambrosia
 o - 3 potions of mutation
 t - 6 potions of enlightenment
 K - a potion of resistance


   Skills:
 + Level 11.2 Fighting
 + Level 9.1 Short Blades
 + Level 9.1 Long Blades
 + Level 11.2 Axes
 + Level 9.1 Maces & Flails
 + Level 9.1 Polearms
 + Level 9.1 Staves
 + Level 9.1 Ranged Weapons
 + Level 9.1 Throwing
 + Level 10.3 Armour
 + Level 10.3 Dodging
 + Level 9.1 Stealth
 + Level 9.1 Shields
 + Level 9.1 Unarmed Combat
 + Level 9.1 Spellcasting
 + Level 7.6 Conjurations
 + Level 7.6 Hexes
 + Level 7.6 Summonings
 + Level 7.6 Necromancy
 + Level 7.6 Translocations
 + Level 7.6 Transmutations
 + Level 7.6 Fire Magic
 + Level 7.6 Ice Magic
 + Level 7.6 Air Magic
 + Level 7.6 Earth Magic
 + Level 7.6 Poison Magic
 + Level 10.0 Invocations
 + Level 9.1 Evocations
 + Level 8.3 Shapeshifting


You had 31 spell levels left.
You didn't know any spells.
Your spell library was empty.

Dungeon Overview and Level Annotations

Branches:
Dungeon (10/15)            Temple (0/1) D:5            Lair (5/5) D:8
 Shoals (0/4) Lair:2        Snake (0/4) Lair:2          Orc (0/2) D:9
  Sewer (visited)         Ossuary (visited)
  Slime: Lair:4-5

Altars:
Cheibriados
Dithmenos
Fedhas
Kikubaaqudgha
Makhleb
Uskayaw
Vehumet
Yredelemnul

Annotations:
Lair:4 exclusion: 3 oklob plants


Innate Abilities, Weirdness & Mutations

You have very sharp teeth.
Your uncanny sense of smell can sniff out nearby items.
Your experience applies equally to all skills.


Message History

The air twists around and strikes you!
* * * LOW HITPOINT WARNING * * *
You are too berserk!
You rampage towards the wind drake!
* * * LOW HITPOINT WARNING * * *
You feel sick.
The merfolk avatar chants its luring song.
You closely miss the wind drake.
* * * LOW HITPOINT WARNING * * *
You feel very sick.
The wind drake bites you but does no damage.
A black mamba comes into view.
The merfolk avatar chants its luring song.
You hear an angry growl.
You closely miss the wind drake.
* * * LOW HITPOINT WARNING * * *
You feel sick.
The shadowy forms in the deep grow still as others approach.
The wind drake bites you but does no damage.
The merfolk avatar chants its luring song.
You slash the wind drake!
The wind drake is lightly wounded.
You feel sick.
The wind drake exhales a fierce blast of wind!
You are knocked back by the gust of wind.
You cannot move away from something!
You cannot move away from something!
You are no longer berserk.
You are exhausted.
You feel yourself slow down.
You are no longer entranced.
* * * LOW HITPOINT WARNING * * *
You feel sick.
* * * LOW HITPOINT WARNING * * *
You feel sick.
You see here a water moccasin corpse.
* * * LOW HITPOINT WARNING * * *
You feel sick.
There is a stone staircase leading up here.
You die...

#P~S#~ #~...P..
~#.~~.~##......##
~.~~~~~~~~.....P#
#~~~P~~~~...P..##
8~~Sm #~..P..#.##
#####P~##~........##
~~~~~~~~~~~........#
~~~~~~.~~....##
#~~##~~##†k†@### #
~##~~##~....P#
.~~.~.~......#
......P..........
##...#............
#.[.#.......#..#.#
.. ..=......#....#
#.#....P.......
#.#......PP...#


You could see a wind drake (repels missiles) and a black mamba.

Vanquished Creatures
  Gastronok (Lair:3)
  2 hydras
  Erica (Lair:1)
  A boulder beetle (D:10)
  3 two-headed ogres
  6 death yaks (Lair:4)
  Urug (D:10)
  Nergalle (Lair:3)
  Sonja (D:10)
  3 skysharks
  A sea snake (Lair:5)
  Pikel (D:5)
  4 harpies
  An oklob plant (Lair:3)
  A black mamba (Lair:1)
  Joseph (D:10)
  10 cane toads
  7 komodo dragons
  3 rime drakes
  4 polar bears
  The ghost of Age the Blocker, an amateur MiFi (D:5)
  2 hornets
  Prince Ribbit (D:5)
  8 blink frogs
  3 wyverns
  31 yaks
  A wraith (D:10)
  A shadow (D:9)
  A human (D:6)
  5 large abominations (D:9)
  2 steam dragons
  4 vampire mosquitoes (D:10)
  Menkaure (D:7)
  6 nagas (Lair:2)
  20 water moccasins
  7 small abominations (D:9)
  Duvessa (D:7)
  4 orc warriors
  2 ice beasts (D:6)
  6 black bears
  An ogre (D:5)
  10 wolves (Lair:1)
  2 phantoms
  2 centaurs
  5 kobold brigands
  10 bullfrogs
  3 scorpions
  A gnoll sergeant (D:6)
  Blork the orc (D:5)
  A wyvern skeleton (D:5)
  2 water moccasin zombies (Ossuary)
  3 troll zombies (D:9)
  4 wights
  Dowan (D:7)
  A water moccasin skeleton (D:5)
  16 killer bees
  3 howler monkeys
  An electric eel (Lair:2)
  A bullfrog zombie (D:5)
  A lava snake (D:9)
  6 hounds
  3 jellies
  A human zombie (D:6)
  3 orc priests
  Crazy Yiuf (D:7)
  Terence (D:2)
  3 iguanas
  Ijyb (D:5)
  7 orc wizards
  5 ogre zombies (D:9)
  2 mummies (Ossuary)
  3 river rats
  12 adders
  3 gnolls (D:6)
  2 white imps
  4 ufetubi
  5 adder zombies (Ossuary)
  4 worms
  3 dart slugs
  28 orcs
  3 bats (D:2)
  A bat zombie (D:3)
  17 endoplasms
  7 giant cockroaches
  7 gnoll zombies (Ossuary)
  5 goblins
  4 hobgoblins
  9 quokkas
  4 ball pythons
  7 frilled lizards
  A goblin skeleton (D:9)
  2 goblin zombies (D:9)
  A hobgoblin skeleton (D:9)
  6 hobgoblin zombies
  37 kobolds
  A kobold skeleton (D:6)
  4 kobold zombies (Ossuary)
  2 orc skeletons (D:9)
  23 orc zombies
  5 rats
472 creatures vanquished.

Vanquished Creatures (collateral kills)
  A wraith (D:10)
  A naga (Lair:2)
2 creatures vanquished.

Vanquished Creatures (others)
  A wizard (D:9)
  A hound (D:4)
2 creatures vanquished.

Grand Total: 476 creatures vanquished

Notes
Turn   | Place    | Note
-------+----------+-------------------------------------------
     0 | D:1      | jejorda2 the Gnoll Berserker began the quest for the Orb.
     0 | D:1      | Reached XP level 1. HP: 23/23 MP: 1/1
   117 | D:1      | Reached XP level 2. HP: 28/29 MP: 2/2
   402 | D:1      | Reached XP level 3. HP: 30/35 MP: 3/3
   521 | D:1      | Reached ** piety under Trog
   772 | D:2      | Reached skill level 1 in Invocations
   831 | D:2      | Found a faded altar of an unknown god.
  1050 | D:2      | Noticed Terence
  1059 | D:2      | Killed Terence
  1060 | D:2      | Reached skill level 1 in Short Blades
  1060 | D:2      | Reached skill level 1 in Long Blades
  1060 | D:2      | Reached skill level 1 in Maces & Flails
  1060 | D:2      | Reached skill level 1 in Polearms
  1060 | D:2      | Reached skill level 1 in Staves
  1060 | D:2      | Reached skill level 1 in Ranged Weapons
  1060 | D:2      | Reached skill level 1 in Throwing
  1060 | D:2      | Reached skill level 1 in Stealth
  1060 | D:2      | Reached skill level 1 in Shields
  1060 | D:2      | Reached skill level 1 in Unarmed Combat
  1060 | D:2      | Reached skill level 1 in Spellcasting
  1060 | D:2      | Reached skill level 1 in Evocations
  1060 | D:2      | Reached skill level 1 in Shapeshifting
  1060 | D:2      | Reached XP level 4. HP: 41/41 MP: 5/5
  1179 | D:2      | Reached skill level 1 in Conjurations
  1179 | D:2      | Reached skill level 1 in Hexes
  1179 | D:2      | Reached skill level 1 in Summonings
  1179 | D:2      | Reached skill level 1 in Necromancy
  1179 | D:2      | Reached skill level 1 in Translocations
  1179 | D:2      | Reached skill level 1 in Transmutations
  1179 | D:2      | Reached skill level 1 in Fire Magic
  1179 | D:2      | Reached skill level 1 in Ice Magic
  1179 | D:2      | Reached skill level 1 in Air Magic
  1179 | D:2      | Reached skill level 1 in Earth Magic
  1179 | D:2      | Reached skill level 1 in Poison Magic
  1512 | D:2      | Reached XP level 5. HP: 47/47 MP: 5/7
  2031 | D:3      | Found a glowing drain.
  2035 | Sewer    | Entered a sewer
  2232 | Sewer    | Found a viscous altar of Jiyva.
  2237 | Sewer    | Reached *** piety under Trog
  2423 | Sewer    | Reached XP level 6. HP: 53/53 MP: 8/8
  2599 | D:3      | Noticed a black bear
  2609 | D:3      | Killed a black bear
  2610 | D:3      | Reached skill level 5 in Armour
  2610 | D:3      | Reached skill level 5 in Dodging
  2850 | D:3      | Found an ancient bone altar of Kikubaaqudgha.
  2927 | D:3      | Noticed a torpor snail
  2931 | D:3      | Found a snail-covered altar of Cheibriados.
  2931 | D:3      | Noticed a torpor snail
  2933 | D:3      | Noticed a torpor snail
  3079 | D:4      | Found a hide-covered altar of Uskayaw.
  3529 | D:4      | You fall into a shaft and drop 1 floor!
  3529 | D:5      | Entered Level 5 of the Dungeon
  3566 | D:5      | Reached XP level 7. HP: 29/60 MP: 10/10
  3747 | D:4      | Noticed a steam dragon
  3769 | D:4      | Killed a steam dragon
  4141 | D:5      | Identified the ring "Puzawiak" {Fly rN+++ AC+4 Dex-5}
  4298 | D:5      | Identified the +1 ring mail of Minor Irritation {Rampage
                  | Int+2}
  4346 | D:5      | Found a staircase to the Ecumenical Temple.
  4346 | D:5      | Noticed Prince Ribbit
  4361 | D:5      | Killed Prince Ribbit
  4362 | D:5      | Reached XP level 8. HP: 60/67 MP: 8/12
  4507 | D:5      | Noticed Pikel
  4522 | D:5      | Killed Pikel
  4590 | D:5      | Noticed Blork the orc
  4600 | D:5      | Killed Blork the orc
  4651 | D:5      | Noticed Age's ghost (amateur MiFi)
  4694 | D:5      | Found a transporter.
  4704 | D:5      | Found a transporter.
  4775 | D:5      | Reached XP level 9. HP: 66/73 MP: 12/14
  4852 | D:5      | Killed Age's ghost
  4860 | D:5      | Identified the +7 great sword of Weh Heb {flame, MP+9}
  4888 | D:5      | Noticed Ijyb
  4897 | D:5      | Killed Ijyb
  5441 | D:6      | Reached skill level 5 in Invocations
  5880 | D:6      | Found a shadowy altar of Dithmenos.
  5914 | D:6      | Found a runed translucent door.
  5936 | D:6      | Found a basalt altar of Yredelemnul.
  6012 | D:6      | Reached XP level 10. HP: 80/80 MP: 17/17
  6310 | D:7      | Noticed Duvessa
  6310 | D:7      | Noticed Dowan
  6362 | D:7      | Reached skill level 5 in Short Blades
  6362 | D:7      | Reached skill level 5 in Long Blades
  6362 | D:7      | Reached skill level 5 in Maces & Flails
  6362 | D:7      | Reached skill level 5 in Polearms
  6362 | D:7      | Reached skill level 5 in Staves
  6362 | D:7      | Reached skill level 5 in Ranged Weapons
  6362 | D:7      | Reached skill level 5 in Throwing
  6362 | D:7      | Reached skill level 5 in Stealth
  6362 | D:7      | Reached skill level 5 in Shields
  6362 | D:7      | Reached skill level 5 in Unarmed Combat
  6362 | D:7      | Reached skill level 5 in Spellcasting
  6362 | D:7      | Reached skill level 5 in Evocations
  6436 | D:7      | Noticed a two-headed ogre
  6443 | D:7      | Killed a two-headed ogre
  6448 | D:7      | Reached **** piety under Trog
  6496 | D:7      | Noticed Menkaure
  6502 | D:7      | Killed Menkaure
  6512 | D:7      | Killed Duvessa
  6681 | D:7      | Found a radiant altar of Vehumet.
  7286 | D:7      | Reached skill level 5 in Shapeshifting
  7559 | D:7      | Killed Dowan
  7657 | D:7      | Found a runed translucent door.
  7658 | D:7      | Noticed Crazy Yiuf
  7667 | D:7      | Killed Crazy Yiuf
  7965 | D:8      | Found a staircase to the Lair.
  7985 | D:8      | Found a sand-covered staircase.
  7994 | Ossuary  | Entered an ossuary
  8406 | D:8      | Reached ***** piety under Trog
  8608 | D:8      | Noticed a two-headed ogre
  8615 | D:8      | Killed a two-headed ogre
  8791 | D:9      | Found a staircase to the Orcish Mines.
  8833 | D:9      | Reached XP level 11. HP: 87/87 MP: 19/19
  9052 | D:9      | Reached skill level 5 in Conjurations
  9052 | D:9      | Reached skill level 5 in Hexes
  9052 | D:9      | Reached skill level 5 in Summonings
  9052 | D:9      | Reached skill level 5 in Necromancy
  9052 | D:9      | Reached skill level 5 in Translocations
  9052 | D:9      | Reached skill level 5 in Transmutations
  9052 | D:9      | Reached skill level 5 in Fire Magic
  9052 | D:9      | Reached skill level 5 in Ice Magic
  9052 | D:9      | Reached skill level 5 in Air Magic
  9052 | D:9      | Reached skill level 5 in Earth Magic
  9052 | D:9      | Reached skill level 5 in Poison Magic
  9230 | D:9      | Received a gift from Trog
  9317 | D:9      | Found a blossoming altar of Fedhas.
  9351 | D:9      | Noticed a wizard
  9388 | D:9      | Killed a wizard
  9595 | D:9      | Noticed a large abomination
  9611 | D:9      | Killed a large abomination
  9622 | D:9      | Noticed a large abomination
  9633 | D:9      | Killed a large abomination
  9836 | D:9      | Identified the +2 spear "Noaxix" {pain, rElec}
  9837 | D:9      | Identified the +2 dagger of Distant Worlds {flame, rElec
                  | Int+3}
 10202 | D:10     | Entered Level 10 of the Dungeon
 10254 | D:10     | Noticed Urug
 10267 | D:10     | Killed Urug
 10427 | D:10     | Noticed a two-headed ogre
 10433 | D:10     | Killed a two-headed ogre
 10755 | D:10     | Noticed a boulder beetle
 10783 | D:10     | Killed a boulder beetle
 10928 | D:10     | Found a burning altar of Makhleb.
 11108 | D:10     | Noticed Sonja
 11111 | D:10     | Killed Sonja
 11112 | D:10     | Reached XP level 12. HP: 67/97 MP: 18/22
 11251 | D:10     | Noticed Joseph
 11268 | D:10     | Killed Joseph
 11485 | Lair:1   | Entered Level 1 of the Lair of Beasts
 12068 | Lair:1   | Reached skill level 10 in Fighting
 12068 | Lair:1   | Reached skill level 10 in Axes
 12453 | Lair:1   | Noticed Erica
 12462 | Lair:1   | Killed Erica
 13716 | Lair:2   | Noticed a four-headed hydra
 13724 | Lair:2   | Killed a one-headed hydra
 13725 | Lair:2   | Reached XP level 13. HP: 104/104 MP: 23/25
 14084 | Lair:2   | Found a staircase to the Snake Pit.
 14172 | Lair:2   | Found a staircase to the Shoals.
 14868 | Lair:3   | Noticed Gastronok
 14881 | Lair:3   | Killed Gastronok
 15572 | Lair:3   | Noticed Nergalle
 15588 | Lair:3   | Killed Nergalle
 16689 | Lair:4   | Reached skill level 10 in Armour
 16689 | Lair:4   | Reached skill level 10 in Dodging
 16966 | Lair:4   | HP: 5/106 [death yak (13)]
 17533 | Lair:4   | Reached XP level 14. HP: 113/113 MP: 25/27
 17859 | Lair:4   | Found the +15 Maxwell's patent armour {-Cast -Tele rElec
                  | Will+ rCorr}
 18100 | Lair:5   | Entered Level 5 of the Lair of Beasts
 18137 | Lair:5   | Reached skill level 10 in Invocations
 18147 | Lair:5   | HP: 8/169 [poisoned by a sea snake]
 18149 | Lair:5   | HP: 2/113 [poisoned by a sea snake]
 18151 | Lair:5   | Succumbed to a sea snake's poison

Illustrated notes

Levels and vault maps discovered:
D:1:      dpeg_arrival_solitude, layout_rooms, st_stairs_3
D:2:      layout_basic, ebering_ecumenical_altar_sacrificial, uniq_terence
D:3:      layout_rooms, lemuel_zombie_altar_kikubaaqudgha, cheibriados_altar_2,
          gup_sewer_entry_spiral, reono_crystal_passage
D:4:      layout_cave_pods, mainiacjoe_overflow_cross_hatched
D:5:      layout_loops_ring, minmay_temple_entry_junction_2,
          gammafunk_ghost_mausoleum, nicolae_figureground_pulse,
          uniq_prince_ribbit1, uniq_ijyb, uniq_pikel, uniq_blork_the_orc
D:6:      minmay_octagon_keep, layout_gridville, grunt_dithmenos_smoke,
          dk_yredelemnul_ordeal, chequers_serial_rivers_small_3
D:7:      layout_layer_cave, vehumet_altar_wand_db,
          chequers_serial_rivers_room_a, kennysheep_doodads, uniq_menkaure,
          uniq_crazy_yiuf_cottage, uniq_duvessa
D:8:      layout_rooms, lair_entry_dummy, chequers_ossuary_entry_cave
D:9:      layout_basic, fedhas_altar_3, zombieorc2_lemuel,
          kennysheep_cluttered_room, laboratory
D:10:     layout_basic, general_overflow_altar, uniq_sonja, uniq_joseph,
          uniq_urug
Lair:1:   layout_gridlike, uniq_erica
Lair:2:   layout_gridlike, nicolae_shoals_entry_roost,
          minmay_snake_entry_guardpost_medium
Lair:3:   layout_small_grid, beast_lair_carwin_3, uniq_nergalle, uniq_gastronok
Lair:4:   layout_regular_city, minmay_slime_entry_oklob_enclosed,
          dreamdust_deal_with_the_devil
Lair:5:   gammafunk_lair_ancient_temple, layout_loops_ring

Skill      XL: |  1  2  3  4  5  6  7  8  9 10 11 12 13 14 |
---------------+-------------------------------------------+-----
Invocations    | 1 2 3 4 5 6 7 8 9 10 | 10.0
Short Blades   | 1 2 3 4 5 7 8 9 |  9.1
Long Blades    | 1 2 3 4 5 7 8 9 |  9.1
Maces & Flails | 1 2 3 4 5 7 8 9 |  9.1
Polearms       | 1 2 3 4 5 7 8 9 |  9.1
Staves         | 1 2 3 4 5 7 8 9 |  9.1
Ranged Weapons | 1 2 3 4 5 7 8 9 |  9.1
Throwing       | 1 2 3 4 5 7 8 9 |  9.1
Stealth        | 1 2 3 4 5 7 8 9 |  9.1
Shields        | 1 2 3 4 5 7 8 9 |  9.1
Unarmed Combat | 1 2 3 4 5 7 8 9 |  9.1
Spellcasting   | 1 2 3 4 5 7 8 9 |  9.1
Evocations     | 1 2 3 4 5 7 8 9 |  9.1
Shapeshifting  | 1 2 3 4 5 6 7 8 |  8.3
Conjurations   | 1 2 3 4 5 6 7 |  7.6
Hexes          | 1 2 3 4 5 6 7 |  7.6
Summonings     | 1 2 3 4 5 6 7 |  7.6
Necromancy     | 1 2 3 4 5 6 7 |  7.6
Translocations | 1 2 3 4 5 6 7 |  7.6
Transmutations | 1 2 3 4 5 6 7 |  7.6
Fire Magic     | 1 2 3 4 5 6 7 |  7.6
Ice Magic      | 1 2 3 4 5 6 7 |  7.6
Air Magic      | 1 2 3 4 5 6 7 |  7.6
Earth Magic    | 1 2 3 4 5 6 7 |  7.6
Poison Magic   | 1 2 3 4 5 6 7 |  7.6
Armour         | 5 6 7 8 9 10 | 10.3
Dodging        | 5 6 7 8 9 10 | 10.3
Fighting       | 7 8 9 10 11 | 11.2
Axes           | 7 8 9 10 11 | 11.2

Action                     |  1- 3 |  4- 6 |  7- 9 | 10-12 | 13-15 || total
---------------------------+-------+-------+-------+-------+-------++-------
  Melee: Hand axe          |    99 |    51 |       |       |       ||   150
         Bite              |     8 |    12 |    29 |    76 |    48 ||   173
         Punch             |     2 |     2 |     4 |    28 |    26 ||    62
         War axe           |       |   138 |   254 |   495 |    17 ||   904
         Great sword       |       |       |    21 |       |       ||    21
         Broad axe         |       |       |       |   293 |   384 ||   677
  Throw: Dart              |       |       |     2 |     2 |       ||     4
 Invoke: Berserk           |     1 |     4 |     4 |    19 |    14 ||    42
         Trog's Hand       |       |       |     3 |     4 |     1 ||     8
         Brothers in Arms  |       |       |       |     2 |     1 ||     3
  Evoke: Wand              |       |       |       |     6 |       ||     6
    Use: Scroll            |       |    11 |     3 |    12 |     5 ||    31
         Potion            |       |       |       |       |     5 ||     5
   Stab: Sleeping          |     1 |       |       |     4 |     2 ||     7
 Armour: Animal skin       |     2 |       |       |       |       ||     2
         Leather armour    |    17 |       |       |       |       ||    17
         Chain mail        |       |    95 |   193 |   339 |   185 ||   812
         Ring mail         |       |       |       |   136 |    83 ||   219
         Plate armour      |       |       |       |       |    75 ||    75
  Dodge: Dodged            |    47 |    78 |   144 |   409 |   268 ||   946

Table legend: (Time is in decaauts)
 A = Elapsed time spent in this place.
 B = Non-inter-level travel time spent in this place.
 C = Inter-level travel time spent in this place.
 D = Time resting spent in this place.
 E = Time spent auto-exploring this place.
 F = Levels seen in this place.
 G = Mean time per level.
                   A        B        C        D        E       F      G
               +--------+--------+--------+--------+--------+-----+--------+
         Total |  18688 |  17930 |    758 |   2622 |  11600 |  17 | 1099.3 |
       Dungeon |  11126 |  10537 |    589 |   1250 |   7089 |  10 | 1112.6 |
          Lair |   6850 |   6682 |    168 |   1266 |   4231 |   5 | 1370.0 |
         Sewer |    485 |    485 |      0 |    106 |    195 |   1 |  485.0 |
       Ossuary |    226 |    226 |      0 |      0 |     85 |   1 |  226.0 |
               +--------+--------+--------+--------+--------+-----+--------+

Top non-repeatable levels by time:
  Lair:2: 2234 daAuts
  Lair:3: 1714 daAuts
     D:6: 1595 daAuts
     D:9: 1458 daAuts
     D:7: 1445 daAuts
  Lair:1: 1438 daAuts
  Lair:4: 1415 daAuts
    D:10: 1311 daAuts
     D:2: 1145 daAuts
     D:5: 1109 daAuts
     D:4: 859 daAuts
     D:3: 779 daAuts
     D:1: 763 daAuts
     D:8: 659 daAuts
   Sewer: 485 daAuts
